 Dungeon Sprint DCSS version 0.31-a0-728-g01b46875f1 (webtiles) character file.

Game seed: 8768936029432118213

0 sircluck the Ruffian (level 1, -2/33 HPs)
             Began as a Troll Berserker on Sept 11, 2023.
             Was a Follower of Trog.
             Slain by a manticore (4 damage)
             ... in the Dungeon (Sprint VII: "The Pits").
             The game lasted 00:00:08 (20 turns).

sircluck the Ruffian (Troll Berserker)                Turns: 20, Time: 00:00:08

Health: -2/33      AC:  4    Str: 24    XL:     1   Next: 0%
Magic:  0/0        EV: 10    Int:  3    God:    Trog [*.....]
Gold:   0          SH:  0    Dex:  9    Spells: 0/0 levels left

rFire   . .          .
                       - Unarmed
rCold   . . .        (no shield)
rNeg    . . .        a - +0 animal skin
rPois   .            (helmet restricted)
rElec   .            (no cloak)
rCorr   .            (gloves unavailable)
SInv    .            (boots unavailable)
Will    .....        (no amulet) Stlth
                     (no ring)
HPRegen 1.05/turn    (no ring)
MPRegen 0.07/turn

%: no teleportation
@: berserking (expiring), spiked, very quick
A: large, unfitting armour, claws 3, regeneration 1, shaggy fur 1, tough skin 1
a: Renounce Religion, Berserk


You were in the Dungeon.
You worshipped Trog.
Trog was aware of your devotion.
You visited 1 branch

Inventory:

Armour
 a - a +0 animal skin (worn)
Scrolls
 g - a scroll of blinking
Potions
 b - a potion of curing
 c - a potion of heal wounds
 d - a potion of haste
 e - 2 potions of magic
 f - a potion of berserk rage


   Skills:
 + Level 2.4 Fighting
 + Level 2.4 Dodging
 + Level 3.0 Unarmed Combat


You couldn't memorise any spells.
You didn't know any spells.
Your spell library was empty.

Dungeon Overview and Level Annotations

Branches:
Dungeon (1/1)

Altars:

Annotations:
D Pikel


Innate Abilities, Weirdness & Mutations

You are too large for most types of armour.
You have claws for hands.
Your natural rate of healing is unusually fast.
You are covered in fur. (AC +1)
You have tough skin. (AC +1)


Message History

Trog says: Kill them all!
Press ? for a list of commands and other information.
Found a staircase leading out of the dungeon.
You open the door.
There is an open door to the Entrance Hall (Safe) here.
You open the huge gate.
Pikel, 3 lemures and a bat come into view.
Pikel is wielding a +2 whip of flaming.
The lemure shouts! x3
A lemure comes into view.
A manticore comes into view.
You close the huge gate.
A lemure opens the huge gate.
A red film seems to cover your vision as you go berserk!
You feel yourself moving faster!
You feel mighty!
The lemure shouts!
The bat hits you.
The manticore flicks its tail.
The volley of spikes hits you!
The barbed spikes become lodged in your body.
The barbed spikes dig painfully into your body as you move.
You feel a strong urge to attack something.
The bat closely misses you.
There is a huge open gate to the Metal Vault (Medium) here.
You mangle the lemure!!
The lemure is severely wounded.
The bat closely misses you. The lemure hits you but does no damage.
You claw the lemure!
You kill the lemure!
That felt strangely unrewarding.
The bat barely misses you.
You miss the bat. The bat hits you but does no damage.
The lemure hits you but does no damage.
You closely miss the bat. The bat barely misses you.
Unknown command.
Unknown command.
You barely miss the lemure. The bat barely misses you. The bat hits you.
You closely miss the lemure. Your claw misses the lemure. The bat hits you.
The lemure barely misses you. The manticore bites you!!
Ouch! That really hurt!
* * * LOW HITPOINT WARNING * * *
The manticore barely misses you. The manticore claws you.
You die...

##########++######
#................#
#......#..#......#
#................+
+................+
#......#..#......#
#................#
####'#####@5######
#.......##bH#
#.......##K5..
#.......##5..##
#...<...##..##
#.......##..#
#.......##..+
#.......##.##
#########


You could see a manticore, Pikel, 3 lemures and a bat.

Vanquished Creatures
  A lemure (D)
1 creature vanquished.

Notes
Turn   | Place    | Note
-------+----------+-------------------------------------------
     0 | D        | sircluck the Troll Berserker began the quest for the Orb.
     0 | D        | Reached XP level 1. HP: 22/22 MP: 0/0
    11 | D        | Noticed Pikel
    11 | D        | Noticed a lemure
    11 | D        | Noticed a lemure
    11 | D        | Noticed a lemure
    11 | D        | Noticed a lemure
    11 | D        | Noticed a manticore
    16 | D        | Killed a lemure
    20 | D        | Slain by a manticore

Illustrated notes

Levels and vault maps discovered:
D:        pitsprint [storerooms_1, entrance_room_1, metal_vault_7, armoury_2,
          mini_pit_1, grid_room_1, main_hall_1, silver_pit, the_coven_1,
          the_vestibule_1, steel_vault_3, golden_pit, hallway_of_sentries,
          crystal_vault_2, iron_vault_2, final_vault]

Action                     || total
---------------------------++-------
  Melee: Unarmed           ||     6
 Invoke: Berserk           ||     1
 Armour: Animal skin       ||     9
  Dodge: Dodged            ||     7

Table legend: (Time is in decaauts)
 A = Elapsed time spent in this place.
 B = Non-inter-level travel time spent in this place.
 C = Inter-level travel time spent in this place.
 D = Time resting spent in this place.
 E = Time spent auto-exploring this place.
 F = Levels seen in this place.
 G = Mean time per level.
                   A        B        C        D        E       F      G
               +--------+--------+--------+--------+--------+-----+--------+
         Total |     17 |     17 |      0 |      0 |     11 |   1 |   17.0 |
       Dungeon |     17 |     17 |      0 |      0 |     11 |   1 |   17.0 |
               +--------+--------+--------+--------+--------+-----+--------+

Top non-repeatable levels by time:
       D: 17 daAuts
